 Dungeon Crawl Stone Soup version 0.31-a0-259-g771a54ca4b (webtiles) character file.

Game seed: 8172911765696465396

2737 qw the Skirmisher (level 9, -4/72 (79) HPs)
             Began as a Minotaur Hexslinger on July 13, 2023.
             Was a Believer of Okawaru.
             Slain by a wight
             ... wielding a +0 great sword
              (12 damage)
             ... on level 7 of the Dungeon.
             The game lasted 00:02:02 (5090 turns).

qw the Skirmisher (Minotaur Hexslinger)             Turns: 5090, Time: 00:02:03

HP:   -4/72 (79)    AC:  6    Str: 12    XL:     9   Next: 40%
MP:   9/11          EV: 15    Int: 10    God:    Okawaru [**....]
Gold: 326           SH:  0    Dex: 18    Spells: 9/10 levels left

rFire   . . .        Y - +0 orcbow (drain)
rCold   . . .        (shield currently unavailable)
rNeg    . . .        b - +0 ring mail
rPois   .            (helmet restricted)
rElec   .            (no cloak)
rCorr   .            (no gloves)
SInv    .            (no boots)
Will    .....        (no amulet)
Stlth   ++           (no ring)
HPRegen 0.32/turn    (no ring)
MPRegen 0.12/turn

%: no passive effects
@: heroic, drained
A: horns 2, retaliatory headbutt
a: Renounce Religion, Heroism


You were on level 7 of the Dungeon.
You worshipped Okawaru.
Okawaru was pleased with you.
You visited 2 branches of the dungeon, and saw 8 of its levels.

You collected 326 gold pieces.


Innate Abilities, Weirdness & Mutations

You have a pair of horns on your head.
You reflexively headbutt those who attack you in melee.


   Skills:
 - Level 7.0(12.0) Fighting
 + Level 11.0(16.0) Ranged Weapons
 - Level 2.2(7.2) Armour
 - Level 4.4(9.4) Dodging
 - Level 1.0 Spellcasting
 - Level 2.0 Hexes
 - Level 4.0 Invocations


You had 9 spell levels left.
You knew the following spells:

 Your Spells              Type           Power      Damage    Failure   Level
a - Slow                  Hex            16%        N/A       30%         1

Your spell library contained the following spells:

 Spells                   Type           Power      Damage    Failure   Level
 Inner Flame              Hex/Fire       2%         N/A       80%         3
 Portal Projectile        Hex/Tloc       4%         N/A       80%         3
 Cause Fear               Hex            2%         N/A       96%         4

Inventory:

Hand Weapons
 Y - a +0 orcbow of draining (weapon)
Armour
 b - a +0 ring mail (worn)
Scrolls
 c - 2 scrolls of identify
 f - a scroll of enchant armour
Potions
 d - a potion of mutation {unknown}
 e - a potion of haste
 i - a potion of berserk rage {unknown}
 j - a potion of curing
 k - a potion of ambrosia {unknown}

Dungeon Overview and Level Annotations

Branches:
Dungeon (7/15)             Temple (1/1) D:4

Altars:
Ashenzari
Cheibriados
Dithmenos
Elyvilon
Fedhas
Gozag
Hepliaklqana
Kikubaaqudgha
Makhleb
Nemelex Xobeh
Okawaru
Qazlal
Sif Muna
Uskayaw
Vehumet
Xom
Yredelemnul
Zin
The Shining One


Message History

The wight is heavily damaged.
You shoot an arrow. The arrow closely misses the wight.
A wight comes into view. It is wielding a +1 dire flail.
You shoot an arrow. The arrow barely misses the wight.
You shoot an arrow. The arrow misses the hornet.
You shoot an arrow. The arrow hits the hornet!
You drain the hornet.
The hornet is heavily wounded.
The hornet misses you.
You shoot an arrow. The arrow hits the hornet!
You drain the hornet!
You kill the hornet!
Okawaru is honoured by your kill.
You shoot an arrow. The arrow hits the wight.
The wight is severely damaged.
You shoot an arrow. The arrow barely misses the wight.
The wight hits you with a +0 great sword!
You feel drained. The wight hits you with a +0 dagger.
You feel drained.
You shoot an arrow.
The arrow hits the wight but does no damage.
The wight is severely damaged.
The wight hits you with a +0 great sword!
You feel drained.
5087 ||| INVOKING Heroism.
You gain the combat prowess of a mighty hero.
The wight hits you with a +0 great sword!!
You feel drained.
The wight hits you with a +1 dire flail!
The wight misses you.
You shoot an arrow. The arrow hits the wight!!
You destroy the wight!
Okawaru accepts your kill.
The wight hits you with a +0 great sword.
The wight misses you. You furiously retaliate!
You headbutt the wight, but do no damage.
Your base Ranged Weapons skill increases to level 11!
You shoot an arrow. The arrow hits the wight.
The wight is moderately damaged.
You shoot an arrow. The arrow hits the wight.
The wight is heavily damaged.
The wight hits you with a +0 great sword!
You die...

####### ##......###
..........#
..........#
..........####
.............####
..........##....####
.........######.@zz#
.........# ##)z....#
....../.## #...$#...
........# ##.### .
.......## ##
..#...## ..###.#
#..#### .#.##


You could see 3 wights.

Vanquished Creatures
  Grinder (D:5)
  A hornet (D:7)
  Sigmund (D:3)
  Duvessa (D:6)
  A water moccasin (D:6)
  2 sky beasts
  A black bear (D:6)
  An orc warrior (D:7)
  An ice beast (D:6)
  A centaur (D:6)
  2 kobold brigands (D:6)
  A phantom (D:6)
  3 scorpions
  2 wights (D:7)
  Dowan (D:6)
  3 quasits (D:4)
  2 orc priests
  3 hounds
  A sleepcap (D:6)
  5 iguanas
  6 orc wizards
  4 gnolls (D:5)
  9 adders
  A river rat (D:6)
  2 shadow imps (D:4)
  5 white imps (D:4)
  2 ufetubi
  4 worms
  2 dart slugs
  25 orcs
  5 bats
  4 endoplasms
  3 giant cockroaches
  6 hobgoblins
  6 kobolds
  A quokka (D:4)
  4 ball pythons
  A frilled lizard (D:3)
  7 goblins
  9 rats
140 creatures vanquished.

Notes
Turn   | Place    | Note
-------+----------+-------------------------------------------
     0 | D:1      | qw the Minotaur Hexslinger began the quest for the Orb.
     0 | D:1      | Reached XP level 1. HP: 16/16 MP: 1/1
     0 | D:1      | 0 ||| qw: Version: 0.3-a-52-g30416fa
     0 | D:1      | 0 ||| qw: Game counter: 6849
     0 | D:1      | 0 ||| qw: Melee chars always use a shield: true
     0 | D:1      | 0 ||| qw: God list: Okawaru
     0 | D:1      | 0 ||| qw: Allow faded altars: false
     0 | D:1      | 0 ||| qw: Do Orc after clearing Dungeon:15 true
     0 | D:1      | 0 ||| qw: Do second Lair branch before Depths: true
     0 | D:1      | 0 ||| qw: Lair rune preference: random
     0 | D:1      | 0 ||| qw: Goals: Normal
     0 | D:1      | 0 ||| PLANNING D:1-11
   131 | D:1      | Reached skill level 3 in Ranged Weapons
   131 | D:1      | Reached XP level 2. HP: 18/23 MP: 2/2
   131 | D:1      | 131 ||| FLEEEEING.
   132 | D:1      | 132 ||| FLEEEEING.
   133 | D:1      | 133 ||| FLEEEEING.
   134 | D:1      | 134 ||| FLEEEEING.
   135 | D:1      | 135 ||| FLEEEEING.
   136 | D:1      | 136 ||| FLEEEEING.
   137 | D:1      | 137 ||| FLEEEEING.
   138 | D:1      | 138 ||| FLEEEEING.
   139 | D:1      | 139 ||| FLEEEEING.
   140 | D:1      | 140 ||| FLEEEEING.
   141 | D:1      | 141 ||| FLEEEEING.
   142 | D:1      | 142 ||| FLEEEEING.
   284 | D:1      | 284 ||| FLEEEEING.
   515 | D:1      | 515 ||| READING scroll labelled COUQOEJ KUHO.
   616 | D:1      | 616 ||| READING scroll labelled DURARCH NAHA.
   659 | D:1      | 659 ||| READING scroll labelled TOASUE CEMM.
   660 | D:1      | 660 ||| READING 3 scrolls labelled YDALYA NERR.
   661 | D:1      | 661 ||| READING 2 scrolls of brand weapon.
   661 | D:1      | 661 ||| BRANDING +1 sling of flaming.
   662 | D:1      | 662 ||| READING scroll labelled WEGAEF IQEI.
   662 | D:1      | Identified a scroll of acquirement
   662 | D:1      | 662 ||| ACQUIRING +8 sling of the Shark {drain, Will++
                  | rCorr Dex-5 SInv}
   662 | D:1      | Acquired the +8 sling of the Shark {drain, Will++ rCorr
                  | Dex-5 SInv}
   664 | D:1      | 664 ||| SWAPPING to +8 sling of the Shark {drain, Will++
                  | rCorr Dex-5 SInv}.
   665 | D:1      | 665 ||| DROPPING scroll of poison.
   821 | D:2      | Reached XP level 3. HP: 29/29 MP: 3/3
  1105 | D:2      | Reached skill level 4 in Ranged Weapons
  1105 | D:2      | Found a faded altar of an unknown god.
  1289 | D:2      | 1289 ||| UPGRADING to amulet of guardian spirit.
  1294 | D:2      | 1294 ||| READING scroll labelled DUETOA BUUKHLU.
  1295 | D:2      | 1295 ||| DRINKING 3 blue potions.
  1296 | D:2      | 1296 ||| DROPPING 2 potions of brilliance.
  1453 | D:3      | Reached XP level 4. HP: 36/36 MP: 4/4
  1604 | D:3      | Noticed Sigmund
  1607 | D:3      | Killed Sigmund
  1608 | D:3      | Reached skill level 6 in Ranged Weapons
  1608 | D:3      | Reached XP level 5. HP: 26/41 MP: 2/5
  1763 | D:3      | 1763 ||| Stepping ~*~*~tactically~*~*~ (outnumbered).
  1769 | D:3      | Reached XP level 6. HP: 50/50 MP: 6/6
  1774 | D:3      | Reached skill level 3 in Fighting
  1948 | D:3      | 1948 ||| UPGRADING to +0 leather armour.
  1958 | D:3      | 1958 ||| DROPPING +0 robe.
  1959 | D:3      | 1959 ||| READING scroll labelled VEIRGH UTAEWOU.
  1960 | D:3      | 1960 ||| READING scroll labelled MELYATSIDD.
  2031 | D:4      | Found a staircase to the Ecumenical Temple.
  2032 | D:4      | 2032 ||| PLANNING TEMPLE
  2068 | Temple   | Entered the Ecumenical Temple
  2069 | Temple   | 2069 ||| PLANNING OKAWARU WORSHIP
  2123 | Temple   | 2123 ||| UPGRADING to +0 ring mail.
  2133 | Temple   | 2133 ||| DROPPING +0 leather armour.
  2150 | Temple   | Became a worshipper of Warmaster Okawaru
  2151 | Temple   | 2151 ||| PLANNING D:1-11
  2151 | Temple   | 2151 ||| REMOVING amulet of guardian spirit.
  2156 | Temple   | 2156 ||| DROPPING amulet of guardian spirit.
  2184 | D:4      | 2184 ||| Stepping ~*~*~tactically~*~*~ (outnumbered).
  2192 | D:4      | Reached skill level 1 in Armour
  2243 | D:4      | Reached skill level 7 in Ranged Weapons
  2316 | D:4      | Identified the +6 falchion "Rasad" {flame, +Blink rF+}
  2360 | D:4      | Reached XP level 7. HP: 59/59 MP: 7/7
  2500 | D:4      | Found a broken altar of Ashenzari.
  2540 | D:4      | Found a hide-covered altar of Uskayaw.
  2659 | D:4      | 2659 ||| READING 2 scrolls labelled ZYOCYH RUDAB WAH.
  2687 | D:5      | Entered Level 5 of the Dungeon
  2702 | D:5      | 2702 ||| DROPPING +0 sling of electrocution.
  2847 | D:5      | Reached * piety under Okawaru
  2848 | D:5      | Reached skill level 8 in Ranged Weapons
  3025 | D:5      | Reached skill level 1 in Invocations
  3431 | D:5      | Noticed Grinder
  3432 | D:5      | 3432 ||| INVOKING Heroism.
  3444 | D:5      | Killed Grinder
  3445 | D:5      | Reached skill level 3 in Invocations
  3445 | D:5      | Reached XP level 8. HP: 68/68 MP: 6/9
  3533 | D:5      | 3533 ||| READING scroll labelled NAPIFR UTUETT.
  3534 | D:5      | 3534 ||| READING scroll labelled QOKKIPS ZASMOH.
  3535 | D:5      | 3535 ||| READING scroll labelled SIBURCH RUMIE.
  3536 | D:5      | 3536 ||| DRINKING 2 smoky sapphire potions.
  3537 | D:5      | 3537 ||| DRINKING 2 fizzy silvery potions.
  3557 | D:6      | Found a radiant altar of Vehumet.
  3558 | D:6      | 3558 ||| PLANNING SEWER
  3609 | D:6      | 3609 ||| INVOKING Heroism.
  3727 | D:6      | Reached skill level 9 in Ranged Weapons
  3733 | D:6      | Identified the +6 mace "Odez" {protect, Stlth+}
  3745 | D:6      | Noticed Dowan
  3746 | D:6      | 3746 ||| INVOKING Heroism.
  3749 | D:6      | Noticed Duvessa
  3758 | D:6      | Killed Dowan
  3761 | D:6      | 3761 ||| INVOKING Heroism.
  3762 | D:6      | Killed Duvessa
  3763 | D:6      | Reached skill level 6 in Fighting
  3763 | D:6      | 3763 ||| FLEEEEING.
  3764 | D:6      | 3764 ||| FLEEEEING.
  3765 | D:6      | 3765 ||| FLEEEEING.
  3766 | D:6      | 3766 ||| FLEEEEING.
  3767 | D:6      | 3767 ||| FLEEEEING.
  3768 | D:6      | 3768 ||| FLEEEEING.
  3864 | D:6      | 3864 ||| FLEEEEING.
  3942 | D:6      | 3942 ||| FLEEEEING.
  3948 | D:6      | 3948 ||| FLEEEEING.
  3953 | D:6      | 3953 ||| FLEEEEING.
  3954 | D:6      | 3954 ||| FLEEEEING.
  3955 | D:6      | 3955 ||| FLEEEEING.
  3956 | D:6      | 3956 ||| FLEEEEING.
  3957 | D:6      | 3957 ||| FLEEEEING.
  3958 | D:6      | 3958 ||| FLEEEEING.
  3959 | D:6      | 3959 ||| STAIRDANCE
  4029 | D:6      | Found a stormy altar of Qazlal.
  4029 | D:6      | Found an ancient bone altar of Kikubaaqudgha.
  4116 | D:6      | 4116 ||| SWAPPING to +0 orcbow.
  4117 | D:6      | 4117 ||| DROPPING +8 sling of the Shark {drain, Will++
                  | rCorr Dex-5 SInv}.
  4122 | D:6      | Reached skill level 3 in Dodging
  4122 | D:6      | 4122 ||| DROPPING +1 heavy sling.
  4123 | D:6      | 4123 ||| READING scroll of brand weapon.
  4123 | D:6      | 4123 ||| BRANDING +0 orcbow.
  4149 | D:6      | 4149 ||| Stepping ~*~*~tactically~*~*~ (outnumbered).
  4167 | D:6      | Reached skill level 10 in Ranged Weapons
  4290 | D:6      | Reached ** piety under Okawaru
  4306 | D:6      | 4306 ||| RIP SEWER
  4320 | D:6      | 4320 ||| PLANNING D:1-11
  4329 | D:6      | Reached XP level 9. HP: 54/78 MP: 11/11
  4586 | D:6      | 4586 ||| Stepping ~*~*~tactically~*~*~ (outnumbered).
  4591 | D:6      | 4591 ||| INVOKING Heroism.
  4717 | D:6      | 4717 ||| READING 3 scrolls labelled HUSEACSOT KENI.
  4718 | D:6      | 4718 ||| READING scroll labelled TEHENA VIRCHIL.
  4719 | D:6      | 4719 ||| DROPPING 2 scrolls of summoning.
  4870 | D:7      | 4870 ||| INVOKING Heroism.
  5087 | D:7      | 5087 ||| INVOKING Heroism.
  5087 | D:7      | HP: 11/70 [wight/+1 dire flail (9)]
  5089 | D:7      | Reached skill level 11 in Ranged Weapons
  5090 | D:7      | Slain by a wight

Levels and vault maps discovered:
D:1:      scummos_arrival_gate, layout_rooms
D:2:      layout_loops_ring, hellmonk_ecumenical_altar_blasted
D:3:      layout_basic, uniq_sigmund
D:4:      layout_gridville, mainiacjoe_overflow_big_doors,
          minmay_temple_entry_mist, serial_demonic, serial_demonic_b,
          serial_demonic_c, serial_demonic_c, serial_demonic_e,
          serial_demonic_e, serial_demonic_c, serial_demonic_a,
          kennysheep_generic_room_15
D:5:      layout_loops_corners, uniq_grinder
D:6:      layout_loops_ring, mainiacjoe_overflow_concentric_impassable,
          mainiacjoe_overflow_divided_tiny, lightli_sewer_entry_pipes,
          chequers_jeans, minmay_unpleasant_kobolds, uniq_duvessa
D:7:      layout_cave_pods, nicolae_wu_jian_immortal_techniques,
          gammafunk_ghost_cemetery
Temple:   zaba_magenta_temple

Skill      XL: |  1  2  3  4  5  6  7  8  9 |
---------------+----------------------------+-----
Ranged Weapons | 3 4 6 7 8 10 11 | 11.0
Fighting       | 2 4 5 6 7 |  7.0
Armour         | 1 2 |  2.2
Invocations    | 3 4 |  4.0
Dodging        | 3 4 |  4.4
Spellcasting   | |  1.0
Hexes          | |  2.0

Action                     |  1- 3 |  4- 6 |  7- 9 || total
---------------------------+-------+-------+-------++-------
   Fire: Sling             |    79 |    82 |   104 ||   265
         Orcbow            |       |       |   117 ||   117
 Invoke: Heroism           |       |       |     7 ||     7
    Use: Scroll            |     7 |     2 |     7 ||    16
         Potion            |     1 |       |     2 ||     3
 Armour: Robe              |     4 |       |       ||     4
         Ring mail         |       |     7 |    29 ||    36
         Leather armour    |       |     1 |       ||     1
  Dodge: Dodged            |     8 |    11 |    54 ||    73

Table legend:
 A = Non-vault XP
 B = Vault XP
 C = Vault XP percentage of total XP
 D = Non-vault monster count
 E = Vault monster count
 F = Vault count percentage of total count
                 A         B        C        D         E       F
            +---------+---------+-------+---------+---------+-------
      Total |    2664 |    1247 |  31.9 |     113 |      27 |  19.3
            +---------+---------+-------+---------+---------+-------
        D:1 |      27 |       0 |   0.0 |      16 |       0 |   0.0
        D:2 |      61 |       0 |   0.0 |      18 |       0 |   0.0
        D:3 |      96 |     239 |  71.3 |      12 |       1 |   7.7
        D:4 |     144 |     217 |  60.1 |      19 |      11 |  36.7
        D:5 |     381 |     295 |  43.6 |      14 |       1 |   6.7
        D:6 |    1158 |     496 |  30.0 |      22 |      14 |  38.9
        D:7 |     797 |       0 |   0.0 |      12 |       0 |   0.0
            +---------+---------+-------+---------+---------+-------
